 Dungeon Crawl Stone Soup version 0.30-a0-137-gd8773701ce (webtiles) character file.

Game seed: 14614970004081443934

4 lunkers the Shield-Bearer (level 1, -1/19 HPs)
             Began as a Meteoran Fighter on Sept 24, 2022.
             Was a Follower of Zin.
             Slain by an adder (2 damage)
             ... on level 2 of the Dungeon.
             The game lasted 00:00:38 (111 turns).

lunkers the Shield-Bearer (Meteoran Fighter)         Turns: 111, Time: 00:00:39

Health: -1/19      AC:  6    Str: 17    XL:     1   Next: 85%
Magic:  2/2        EV:  9    Int:  9    God:    Zin [*.....]
Gold:   2          SH:  5    Dex: 13    Spells: 0/0 levels left

rFire   . . .      SeeInvis .    a - +0 flail
rCold   . . .      Faith    .    c - +0 buckler
rNeg    . . .      Spirit   .    b - +0 scale mail
rPois   .          Reflect  .    (no helmet)
rElec   .          Harm     .    (no cloak)
rCorr   .          Rampage  .    (no gloves)
Will    .....                    (no boots)
Stlth   ..........               (no amulet)
HPRegen 0.06/turn                (no ring)
MPRegen 0.08/turn                (no ring)

@: mighty, glowing
A: sense surroundings 1, otherworldly, glowing, explore regen
a: Renounce Religion, Recite, Donate Gold


You were on level 2 of the Dungeon.
You worshipped Zin.
Zin was aware of your devotion.
You visited 1 branch of the dungeon, and saw 2 of its levels.

You collected 2 gold pieces.

Inventory:

Hand Weapons
 a - a +0 flail (weapon)
Armour
 b - a +0 scale mail (worn)
 c - a +0 buckler (worn)
Scrolls
 e - a scroll of immolation {unknown}
 g - a scroll of blinking {unknown}
Potions
 f - a potion of degeneration {unknown}


   Skills:
 + Level 3.4 Fighting
 * Level 3.1 Maces & Flails
 - Level 3.6 Armour
 - Level 3.6 Shields


You couldn't memorise any spells.
You didn't know any spells.
Your spell library was empty.

Dungeon Overview and Level Annotations

Branches:
Dungeon (2/15) Zot: 1084

Altars:
Zin


Innate Abilities, Weirdness & Mutations

You passively map a small area around you.
You are easily found by Zot.
You glow in the dark.
You regain HP and MP as you explore.


Message History

The adder bites you but does no damage. The kobold misses you.
You closely miss the adder. The adder bites you.
The kobold hits you with a +0 club.
You barely miss the adder. You block the adder's attack. The adder bites you.
You are poisoned.
The adder poisons you! The kobold barely misses you.
You barely miss the adder.
You feel sick. You block the adder's attack. The kobold closely misses you.
The adder bites you.
* * * LOW HITPOINT WARNING * * *
You are too injured to fight recklessly!
You are too injured to fight recklessly!
You hit the adder.
The adder is lightly wounded.
You feel sick.
A quokka comes into view.
The kobold hits you but does no damage. The adder barely misses you.
The kobold hits you but does no damage. The adder bites you but does no damage.
Unknown command.
You closely miss the adder.
You feel sick.
You are no longer poisoned.
You block the adder's attack. The kobold hits you but does no damage.
Unknown command.
You miss the adder. The adder barely misses you.
The kobold hits you but does no damage. The adder bites you but does no damage.
Unknown command.
You barely miss the adder. The kobold hits you with a +0 club.
* * * LOW HITPOINT WARNING * * *
The adder bites you.
* * * LOW HITPOINT WARNING * * *
You hit the adder.
The adder is lightly wounded.
The adder barely misses you. The kobold hits you with a +0 club.
* * * LOW HITPOINT WARNING * * *
The adder barely misses you.
You miss the adder. You block the kobold's attack.
The adder bites you but does no damage. The kobold barely misses you.
Unknown command.
You feel very mighty all of a sudden. The adder bites you.
You die...

* ,* .# * * * * *
* ##.# * * ...#
#.# ,> #..# *
#.## , ##..# *
...,, , ?r. , ...
..# , ,*#S# **
#.#*#.# *
.##$##@#######.#
#.#
......K...?..##.#
#.# ,
###..####(......#
#.# #. *
#.#####.# #(# #
#.# #.###.# ,*
#.# #....<# , ..#
#..#### ..# #.)#
, , , , ##..,
....#


You could see an adder, a quokka and a kobold.

Vanquished Creatures
  A dart slug (D:1)
  An endoplasm (D:1)
2 creatures vanquished.

Notes
Turn   | Place    | Note
-------+----------+-------------------------------------------
     0 | D:1      | lunkers the Meteoran Fighter began the quest for the Orb.
     0 | D:1      | Reached XP level 1. HP: 19/19 MP: 2/2
    42 | D:1      | Found a faded altar of an unknown god.
    61 | D:1      | Prayed at the altar of an unknown god.
    61 | D:1      | Became a worshipper of Zin the Law-Giver
    61 | D:1      | Reached * piety under Zin
   111 | D:2      | Slain by an adder

Illustrated notes

Levels and vault maps discovered:
D:1:      heliophobic_arrival_enchanted_forest, layout_basic,
          shapermc_ecumenical_altar_venn, palyth_stone_intersect,
          minmay_quantized
D:2:      layout_loops_ring, minmay_tall_x, uniq_jessica, uniq_natasha,
          uniq_sigmund

Skill      XL: |  1 |
---------------+----+-----
Maces & Flails | 3 |  3.1
Fighting       | |  3.4
Armour         | |  3.6
Shields        | |  3.6

Action                   || total
-------------------------++-------
Melee: Flail             ||    14
  Use: Potion            ||     1
Armor: Scale mail        ||     8
Dodge: Dodged            ||     8
Block: Buckler           ||     6

Table legend: (Time is in decaauts)
 A = Elapsed time spent in this place.
 B = Non-inter-level travel time spent in this place.
 C = Inter-level travel time spent in this place.
 D = Time resting spent in this place.
 E = Time spent auto-exploring this place.
 F = Levels seen in this place.
 G = Mean time per level.
                   A        B        C        D        E       F      G
               +--------+--------+--------+--------+--------+-----+--------+
         Total |    114 |    114 |      0 |      0 |     26 |   2 |   57.0 |
       Dungeon |    114 |    114 |      0 |      0 |     26 |   2 |   57.0 |
               +--------+--------+--------+--------+--------+-----+--------+

Top non-repeatable levels by time:
     D:1: 86 daAuts
     D:2: 27 daAuts
